 Dungeon Crawl Stone Soup version 0.29.1-1-gd02db6906a (webtiles) character file.

Game seed: 1611241288813210273

81 LustLizard the Trooper (level 4, 0/35 HPs)
             Began as a Demonspawn Fighter on Oct 4, 2022.
             Slain by an orc
             ... wielding a +0 club
              (4 damage)
             ... on level 3 of the Dungeon.
             The game lasted 00:02:53 (2289 turns).

LustLizard the Trooper (Demonspawn Fighter)         Turns: 2289, Time: 00:02:53

Health: 0/35       AC:  6    Str: 16    XL:     4   Next: 19%
Magic:  4/4        EV: 12    Int: 10    God:
Gold:   156        SH:  5    Dex: 14    Spells: 3/3 levels left

rFire   . . .      SeeInvis .   a - +0 long sword
rCold   . . .      Faith    .   c - +0 buckler
rNeg    . . .      Spirit   .   b - +0 scale mail
rPois   .          Reflect  .   (no helmet)
rElec   .          Harm     .   (no cloak)
rCorr   .          Rampage  .   (no gloves)
Will    .....                   (no boots)
Stlth   ..........              (no amulet)
HPRegen 0.11/turn               k - +4 ring of evasion
MPRegen 0.09/turn               (no ring)

@: no status effects
A: foul stench 1, demonic touch 1
a: no special abilities


You were on level 3 of the Dungeon.
You visited 1 branch of the dungeon, and saw 3 of its levels.

You collected 156 gold pieces.

Inventory:

Hand Weapons
 a - a +0 long sword (weapon)
Missiles
 h - 6 poisoned darts (quivered)
 i - 4 boomerangs
 m - 6 datura-tipped darts
Armour
 b - a +0 scale mail (worn)
 c - a +0 buckler (worn)
Jewellery
 k - a +4 ring of evasion (left hand)
Scrolls
 e - 2 scrolls of vulnerability {unknown}
 f - a scroll of teleportation {unknown}
 g - a scroll of blinking {unknown}
 j - 4 scrolls of identify
 n - 2 scrolls of amnesia {unknown}
 o - a scroll of fear {unknown}
Potions
 d - a potion of might
 l - 2 potions of mutation
 p - a potion of curing


   Skills:
 + Level 3.4 Fighting
 * Level 2.9 Long Blades
 + Level 3.1 Armour
 + Level 3.2 Shields


You had 3 spell levels left.
You didn't know any spells.
Your spell library contained the following spells:

 Spells                   Type           Power      Damage    Failure   Level
 Foxfire                  Conj/Fire      0%         2x1d4     87%         1
 Conjure Flame            Conj/Fire      0%         6-21      99%         3
 Inner Flame              Hex/Fire       0%         N/A       99%         3
 Flame Wave               Conj/Fire      0%         2d4       100%        4


Dungeon Overview and Level Annotations

Branches:
Dungeon (3/15)

Altars:


Innate Abilities, Weirdness & Mutations

You may rarely emit foul miasma when damaged in melee.
Your touch may inflict minor irresistible damage on your foes.


Message History

There are monsters nearby!
You hear a shout!
The bat closely misses you.
You closely miss the bat. The bat completely misses you.
You barely miss the bat. The bat hits you but does no damage.
The bat hits you but does no damage.
You see here an adder corpse.
You miss the bat. The bat barely misses you. x2
The bat hits you but does no damage. You block the bat's attack.
You barely miss the bat. The bat completely misses you.
The bat hits you but does no damage.
You hit the bat but do no damage. The bat closely misses you.
The orc priest invokes the aid of Beogh against you.
Beogh smites you!
A giant cockroach comes into view.
The bat hits you but does no damage.
You hear a shout!
You hear a howl!
You hit the bat.
The bat is heavily wounded.
You hear a shout!
The bat closely misses you. You block the orc's attack.
The orc priest invokes the aid of Beogh against you.
Beogh smites you!
* * * LOW HITPOINT WARNING * * *
The orc hits you with a +0 club.
* * * LOW HITPOINT WARNING * * *
The bat misses you.
A howler monkey comes into view.
The orc attacks as you move away! You block the orc's attack.
The bat hits you but does no damage.
The orc priest attacks as you move away!
The orc priest barely misses you. The bat closely misses you.
The howler monkey hoots and howls with incredible vigour!
The orc priest begins to cast a cantrip, but forgets the words!
You hear a shout! x4
There is a stone staircase leading up here.
The bat hits you but does no damage. You block the bat's attack.
The orc hits you with a +0 club.
You die...

#.# #.# #......#
#.######.####..#...#
#.#.........#.....#
#.#.####.##.#.##..#
## #.#.#
#.##.#†##..# .#
#.#.# #.##.#..h.#..
.# #.#.# #.##.Bo†..#
.. .####.#.#
#....o....# o.
.##...#.#
###..@b##.# o
.##.###.# #.#### .#
...#....# #. .
##...#### #. ..
##...### #. ##
.......# #. .......#
.......# ##...#.#


You could see a howler monkey (catching breath), an orc priest, an orc, a giant
cockroach and a bat.

Vanquished Creatures
  An adder (D:3)
  A worm (D:2)
  3 dart slugs
  5 ball pythons
  10 endoplasms
  4 giant cockroaches (D:1)
  3 hobgoblins
  2 jackals (D:1)
  2 kobolds
  3 quokkas
  4 bats
  4 frilled lizards
  8 goblins
  6 rats
56 creatures vanquished.

Notes
Turn   | Place    | Note
-------+----------+-------------------------------------------
     0 | D:1      | LustLizard the Demonspawn Fighter began the quest for the
                  | Orb.
     0 | D:1      | Reached XP level 1. HP: 18/18 MP: 1/1
   174 | D:1      | Gained mutation: You may rarely emit foul miasma when
                  | damaged in melee. [demonic ancestry]
   174 | D:1      | Reached XP level 2. HP: 24/24 MP: 2/2
   537 | D:1      | Gained mutation: Your touch may inflict minor irresistible
                  | damage on your foes. [demonic ancestry]
   537 | D:1      | Reached XP level 3. HP: 10/29 MP: 3/3
  1820 | D:2      | Reached XP level 4. HP: 35/35 MP: 4/4
  2289 | D:3      | Slain by an orc

Illustrated notes

Levels and vault maps discovered:
D:1:      dreamdust_arrival_beginning_and_end, layout_rooms
D:2:      layout_basic
D:3:      layout_loops_ring, shapermc_ecumenical_altar_mp_vishouse

Skill      XL: |  1  2  3 |
---------------+----------+-----
Long Blades    | 2 |  2.9
Shields        | 3 |  3.2
Armour         | 3 |  3.1
Fighting       | |  3.4

Action                   |  1- 3 |  4- 6 || total
-------------------------+-------+-------++-------
Melee: Long sword        |   114 |    21 ||   135
  Use: Scroll            |     2 |       ||     2
Armor: Scale mail        |    46 |    14 ||    60
Dodge: Dodged            |    58 |    25 ||    83
Block: Buckler           |    15 |     7 ||    22
